 Dungeon Crawl Stone Soup version 0.30.0-13-g156ef70053 (webtiles) character file.

Game seed: 11802693648768175379

4457 browni3141 the Fighter (level 10, 0/90 HPs)
             Began as a Minotaur Fighter on May 17, 2023.
             Slain by an orc
             ... wielding a +0 trident
              (6 damage)
             ... on level 8 of the Dungeon.
             The game lasted 00:05:02 (7471 turns).

browni3141 the Fighter (Minotaur Fighter)           Turns: 7471, Time: 00:05:03

Health: 0/90       AC:  4    Str: 20    XL:     10   Next: 15%
Magic:  9/9        EV: 11    Int:  5    God:
Gold:   173        SH:  6    Dex: 15    Spells: 9/9 levels left

rFire   . . .        a - +0 war axe
rCold   . . .        c - +0 buckler
rNeg    . . .        x - +0 chain mail
rPois   +            (helmet restricted)
rElec   .            (no cloak)
rCorr   .            (no gloves)
SInv    .            J - +0 pair of boots
Will    .....        (no amulet) Stlth
                     w - +4 ring of slaying
HPRegen 0.35/turn    G - ring of poison resistance
MPRegen 0.11/turn

%: no passive effects
@: corroded, on berserk cooldown, slowed, very slow
A: horns 2, retaliatory headbutt
a: no special abilities


You were on level 8 of the Dungeon.
You visited 2 branches of the dungeon, and saw 9 of its levels.
You also visited: Sewer.

You collected 425 gold pieces.
You spent 252 gold pieces at shops.

Inventory:

Hand Weapons
 a - a +0 war axe (weapon)
Armour
 b - a +0 scale mail
 c - a +0 buckler (worn)
 x - a +0 chain mail (worn)
 J - a +0 pair of boots (worn)
Jewellery
 w - a +4 ring of slaying (left hand)
 G - a ring of poison resistance (right hand)
 Q - an amulet of magic regeneration
 W - a ring of resist corrosion
Wands
 o - a wand of charming (12)
 p - a wand of polymorph (6)
 r - a wand of mindburst (6)
 A - a wand of acid (8)
 I - a wand of iceblast (15)
 V - a wand of flame (18)
Scrolls
 m - a scroll of torment {unknown}
 q - 4 scrolls of noise {unknown}
 u - a scroll of magic mapping {unknown}
 v - 4 scrolls of enchant weapon {unknown}
 y - 2 scrolls of fear {unknown}
 z - a scroll of brand weapon {unknown}
 B - a scroll of silence {unknown}
 H - a scroll of amnesia {unknown}
 M - a scroll of vulnerability {unknown}
 R - 5 scrolls of teleportation
 T - 5 scrolls of identify {unknown}
 U - 3 scrolls of fog {unknown}
 X - 3 scrolls of enchant armour {unknown}
 Y - 5 scrolls of blinking {unknown}
 Z - a scroll of poison {unknown}
Potions
 h - 5 potions of haste
 n - 2 potions of magic {unknown}
 s - a potion of berserk rage
 t - 2 potions of brilliance {unknown}
 C - 3 potions of curing
 D - 4 potions of heal wounds {unknown}
 E - a potion of attraction {unknown}
 F - 2 potions of flight
 K - 2 potions of mutation {unknown}
 N - 2 potions of resistance {unknown}
 O - 2 potions of degeneration {unknown}
 P - 3 potions of lignification {unknown}
 S - a potion of invisibility {unknown}


   Skills:
 + Level 8.8 Fighting
 + Level 8.3 Axes
 + Level 8.8 Armour
 + Level 7.0 Dodging
 + Level 8.8 Shields


You had 9 spell levels left.
You didn't know any spells.
Your spell library was empty.

Dungeon Overview and Level Annotations

Branches:
Dungeon (8/15)             Temple (1/1) D:6           Sewer (visited)
   Lair: D:8-11

Altars:
Ashenzari
Cheibriados
Dithmenos
Fedhas
Makhleb
Nemelex Xobeh
Qazlal
Ru
Sif Muna
Trog
Uskayaw
Vehumet
Wu Jian
Yredelemnul
Zin

Shops:
D:1 [   D:6 [:![*


Innate Abilities, Weirdness & Mutations

You have a pair of horns on your head.
You reflexively headbutt those who attack you in melee.


Message History

You kill the kobold!
You hear a shout!
The orc barely misses you.
You barely miss the brown ugly thing. You headbutt the brown ugly thing.
The brown ugly thing is lightly wounded.
You closely miss the orc. The brown ugly thing claws you.
You are splashed with acid!
The orc misses you.
You closely miss the brown ugly thing.
The brown ugly thing is lightly wounded.
You slash the orc!
You kill the orc!
You hit the kobold brigand.
You block the brown ugly thing's attack.
You slice the kobold brigand!! You headbutt the kobold brigand.
You kill the kobold brigand!
You barely miss the brown ugly thing. The brown ugly thing claws you!
You are splashed with acid.
You barely miss the brown ugly thing.
Your headbutt misses the brown ugly thing.
The brown ugly thing is lightly wounded.
You barely miss the kobold. The kobold hits you but does no damage.
A kobold comes into view. It is wielding a +0 dagger.
A kobold comes into view.
It is wielding a +0 short sword and quivering poisoned darts.
The kobold shouts!
You slash the brown ugly thing!
The brown ugly thing is moderately wounded.
You closely miss the kobold.
You hear a shout!
The brown ugly thing claws you.
You are splashed with acid!
You slice the brown ugly thing!! You headbutt the brown ugly thing!
The brown ugly thing is almost dead.
You slash the kobold!
You kill the kobold!
The brown ugly thing claws you!
You are splashed with acid!
You hit the brown ugly thing.
Your headbutt misses the brown ugly thing.
The brown ugly thing is almost dead.
You closely miss the kobold. The kobold closely misses you.
An orc wizard comes into view. It is wielding a +0 dagger.
An orc comes into view. It is wielding a +0 club.
You closely miss the brown ugly thing.
The brown ugly thing is almost dead.
You closely miss the kobold. The brown ugly thing barely misses you.
The kobold hits you but does no damage.
You slash the brown ugly thing!
You kill the brown ugly thing!
You slash the kobold!
You kill the kobold!
An orc priest comes into view. It is wielding a +0 hand axe.
Your Dodging skill increases to level 7!
You slash the kobold!
You kill the kobold!
You slash the kobold!
You kill the kobold!
An orc comes into view. It is wielding a +0 trident.
Things that are here:
a +0 short sword; 2 poisoned darts; a +0 dagger You feel a strong urge to attack something.
You are no longer berserk.
You are exhausted.
You feel yourself slow down.
The orc wizard hits you with a +0 dagger.
You block the orc's attack.
You completely miss the orc wizard. You slash the orc!
You kill the orc!
The orc wizard hits you with a +0 dagger.
The orc priest mumbles some strange prayers to Beogh against you.
You struggle to resist.
The orc priest mumbles some strange prayers to Beogh against you.
Beogh smites you! The orc hits you but does no damage.
The orc wizard casts a spell at you. The puff of flame misses you.
Unknown command.
You feel better. The orc hits you with a +0 trident.
The orc wizard barely misses you. You block the orc's attack.
The orc wizard hits you but does no damage.
The orc priest barely misses you.
You hit the orc priest.
The orc priest is heavily wounded.
You hit the orc but do no damage. You hit the orc wizard.
The orc closely misses you. You furiously retaliate!
You headbutt the orc. You block the orc wizard's attack.
The orc priest casts a cantrip, but nothing happens.
You hit the orc priest. Your headbutt misses the orc priest.
The orc priest is almost dead.
You hit the orc wizard. You hit the orc but do no damage.
The orc barely misses you.
The orc wizard hits you with a +0 dagger.
The orc priest hits you with a +0 hand axe.
The orc misses you. You furiously retaliate!
You headbutt the orc, but do no damage. The orc wizard closely misses you.
You furiously retaliate!
You headbutt the orc wizard!
You kill the orc wizard!
The orc priest looks braver for a moment.
You hit the orc priest.
You kill the orc priest!
You hit the orc. You block the orc's attack.
The orc hits you with a +0 trident.
You die...

..##.....#.. #....#.#
(.......##.. .
#......###...#.....##.
..#.......#...##..##..##
..............#..###....
.........#..... #.... ..
............# #.... $.#
#.o.........###....
....####@).........##....
...#.#.).)...............
........)................
.......).)...............
.......)...........##....
.........................
.........................
.........................
#.....##...............[#


You could see an orc.

Vanquished Creatures
  An ugly thing (D:8)
  Joseph (D:8)
  Sigmund (D:2)
  A water moccasin (D:6)
  4 orc warriors
  An ice beast (D:4)
  A black bear (D:6)
  3 ogres
  2 sky beasts
  2 centaurs (D:7)
  A kobold brigand (D:8)
  Blork the orc (D:6)
  5 bullfrogs
  5 scorpions
  4 wights (D:7)
  4 killer bees (D:4)
  An electric eel (D:7)
  4 hounds
  4 orc priests
  A gnoll bouda (D:8)
  3 jellies (D:6)
  8 iguanas
  A sleepcap (D:6)
  9 orc wizards
  12 adders
  5 gnolls (D:8)
  2 river rats (Sewer)
  A shadow imp (D:5)
  A white imp (D:7)
  2 ufetubi
  2 worms
  4 dart slugs
  33 orcs
  16 ball pythons
  13 endoplasms
  3 giant cockroaches
  8 goblins
  12 hobgoblins
  11 kobolds
  6 quokkas
  4 bats
  8 frilled lizards
  22 rats
233 creatures vanquished.

Vanquished Creatures (others)
  2 orcs (D:7)
2 creatures vanquished.

Grand Total: 235 creatures vanquished

Notes
Turn   | Place    | Note
-------+----------+-------------------------------------------
     0 | D:1      | browni3141 the Minotaur Fighter began the quest for the
                  | Orb.
     0 | D:1      | Reached XP level 1. HP: 19/19 MP: 0/0
   111 | D:1      | Reached XP level 2. HP: 15/27 MP: 1/1
   368 | D:1      | Found a faded altar of an unknown god.
   776 | D:1      | Found Ryhoeb's Antique Armour Boutique.
   878 | D:1      | Reached XP level 3. HP: 33/33 MP: 2/2
  1150 | D:2      | Found a blossoming altar of Fedhas.
  1333 | D:2      | Reached skill level 3 in Axes
  1579 | D:2      | Noticed Sigmund
  1605 | D:2      | Killed Sigmund
  1606 | D:2      | Reached XP level 4. HP: 30/41 MP: 3/3
  1606 | D:2      | Reached XP level 5. HP: 35/47 MP: 4/4
  1669 | D:2      | Identified the staff of earth "Liquytri" {rF+ Int+3}
  1896 | D:3      | You fall into a shaft and drop 3 floors!
  1896 | D:6      | Found a staircase to the Ecumenical Temple.
  1899 | Temple   | Entered the Ecumenical Temple
  2053 | D:6      | Found a stormy altar of Qazlal.
  2053 | D:6      | Found a radiant altar of Vehumet.
  2053 | D:6      | Found a sparkling altar of Nemelex Xobeh.
  2054 | D:6      | Found a bloodstained altar of Trog.
  2058 | D:6      | Noticed an orc warrior
  2059 | D:6      | Found Ziwn's Armour Boutique.
  2059 | D:6      | Noticed an animated plate armour
  2063 | D:6      | Reached XP level 6. HP: 52/55 MP: 5/5
  2067 | D:6      | Killed an orc warrior
  2253 | D:6      | Reached skill level 3 in Dodging
  2275 | D:5      | Entered Level 5 of the Dungeon
  2341 | D:5      | Reached XP level 7. HP: 61/61 MP: 6/6
  2414 | D:5      | Found a glowing drain.
  2423 | Sewer    | Entered a sewer
  2668 | Sewer    | Reached skill level 6 in Armour
  2669 | Sewer    | Reached skill level 6 in Fighting
  2674 | Sewer    | Reached skill level 6 in Shields
  2845 | D:5      | Found a burning altar of Makhleb.
  2961 | D:4      | Reached XP level 8. HP: 54/70 MP: 7/7
  3184 | D:3      | Found an ornate altar of the Wu Jian Council.
  3955 | D:4      | Reached skill level 6 in Axes
  5098 | D:6      | Found Agaoxyaki's Distillery.
  5103 | D:6      | Reached XP level 9. HP: 75/79 MP: 8/8
  5113 | D:6      | Bought a potion of flight for 36 gold pieces
  5113 | D:6      | Bought a potion of curing for 36 gold pieces
  5113 | D:6      | Bought 2 potions of berserk rage for 120 gold pieces
  5113 | D:6      | Bought a potion of berserk rage for 60 gold pieces
  5217 | D:6      | Found Cotan's Book Emporium.
  5374 | D:6      | Found Bihuro's Armour Shop.
  5380 | D:6      | Noticed Blork the orc
  5387 | D:6      | Killed Blork the orc
  5528 | D:6      | Found Amopaawk's General Store.
  5533 | D:6      | Noticed an animated gold dragon scales
  5876 | D:7      | Reached skill level 6 in Dodging
  6670 | D:7      | Identified the +0 robe of Pecwerr {Rampage Str+5}
  7171 | D:8      | Noticed Joseph
  7185 | D:8      | Killed Joseph
  7186 | D:8      | Reached XP level 10. HP: 8/90 MP: 9/9
  7443 | D:8      | Noticed a brown ugly thing
  7460 | D:8      | Killed a brown ugly thing
  7466 | D:8      | HP: 2/90 [orc priest/divine providence (10)]
  7471 | D:8      | Slain by an orc

Illustrated notes

Levels and vault maps discovered:
D:1:      grunt_arrival_lava_bath, layout_basic, serial_co_window_serial,
          co_window_paths_b, co_window_paths_b, co_window_corner_a,
          co_window_of_opportunity_a, co_window_paths_a,
          co_window_unsneaky_path_b, co_window_unsneaky_path_b,
          co_window_cross_3, co_window_unsneaky_path_e, co_window_paths_d,
          glass_columns_a, glass_columns_a, glass_columns_c, serial_shops, shop,
          chequers_ecumenical_altar_twisty, minmay_quantized
D:2:      layout_loops_cross, basic_altar, minmay_tall_x, uniq_sigmund
D:3:      layout_basic, nicolae_wu_jian_immortal_techniques
D:4:      layout_basic, serial_bayou_pond_a
D:5:      layout_basic, makhleb_grotto_becter, portal_sewer_entry_d,
          minmay_misc_feat_enclosed
D:6:      layout_basic, chequers_temple_overflow_statue_of_worship,
          minmay_temple_entry_steel_oval, serial_shops, nicolae_shop_mannequins,
          nicolae_diamond_shop, nicolae_diamond_shop, nicolae_take_the_stairs,
          nicolae_shop_competitors_out_of_business,
          chequers_serial_rivers_large_a, uniq_blork_the_orc
D:7:      layout_gridville, lightli_minifort
D:8:      layout_cave_pools, overflow_temple_1_default, enter_bailey_3,
          uniq_psyche, uniq_joseph
Temple:   nicolae_temple_figure_zero

Skill      XL: |  1  2  3  4  5  6  7  8  9 10 |
---------------+-------------------------------+-----
Dodging        | 1 2 3 4 5 6 7 |  7.0
Fighting       | 4 5 6 7 8 |  8.8
Shields        | 4 5 6 7 8 |  8.8
Armour         | 4 5 6 7 8 |  8.8
Axes           | 3 4 5 6 8 |  8.3

Action                     |  1- 3 |  4- 6 |  7- 9 | 10-12 || total
---------------------------+-------+-------+-------+-------++-------
  Melee: War axe           |    76 |    24 |   334 |    20 ||   454
         Headbutt          |    12 |     7 |    53 |     3 ||    75
         Unarmed           |     2 |       |       |       ||     2
  Evoke: Wand              |       |       |     1 |       ||     1
    Use: Potion            |     1 |       |     1 |     2 ||     4
         Scroll            |     1 |       |       |       ||     1
 Armour: Scale mail        |    36 |    16 |    92 |       ||   144
         Skin              |     6 |       |       |       ||     6
         Chain mail        |       |       |    79 |     6 ||    85
  Dodge: Dodged            |    33 |    22 |   204 |    13 ||   272
  Block: Buckler           |    19 |     9 |   114 |     6 ||   148
